 Dungeon Crawl Stone Soup version 0.21-a0-153-g78480df (webtiles) character file.

91 tsouns the Chopper (level 4, -2/37 HPs)
             Began as a Demonspawn Chaos Knight on Aug 1, 2017.
             Killed from afar by Megalobster's ghost (22 damage)
             ... with an orb of energy
             ... on level 3 of the Dungeon.
             The game lasted 00:05:12 (1772 turns).

tsouns the Chopper (Demonspawn Chaos Knight)        Turns: 1772, Time: 00:05:14

Health: -2/37      AC:  6    Str: 13    XL:     4   Next: 33%
Magic:  4/4        EV: 16    Int: 14    God:    Xom [...*..]
Gold:   130        SH:  0    Dex: 17    Spells: 3/3 levels left

rFire    + . .     SeeInvis .   f - +2 hand axe
rCold    + . .     Gourm    .   (no shield)
rNeg     . . .     Faith    .   b - +2 leather armour
rPois    +         Spirit   .   (no helmet)
rElec    +         Reflect  .   q - scarf {cloud immunity}
rCorr    +         Harm     .   (no gloves)
MR       .....                  s - +0 pair of boots (curse)
Stlth    ++........             (no amulet)
HPRegen  0.12/turn              e - ring of loudness (curse)
MPRegen  0.09/turn              (no ring)

@: agile, resistant
A: nightstalker 1
a: Renounce Religion


You were on level 3 of the Dungeon.
You worshipped Xom.
You were a favourite toy of Xom.
You were not hungry.

You visited 1 branch of the dungeon, and saw 3 of its levels.

You collected 130 gold pieces.

Inventory:

Hand Weapons
 a - a +0 hand axe of chaos
 f - a +2 hand axe (weapon)
 n - a +0 war axe
 w - a +0 hunting sling
Missiles
 k - 113 stones (quivered)
 x - 22 sling bullets
Armour
 b - a +2 leather armour (worn)
 q - a scarf of cloud immunity (worn)
 s - a cursed +0 pair of boots (worn)
Jewellery
 e - a cursed ring of loudness (left hand)
Scrolls
 p - a scroll of enchant weapon
 r - a scroll of amnesia
 y - 2 scrolls of enchant armour {unknown}
Potions
 g - 4 potions of curing
 i - a potion of flight {unknown}
 o - a potion of lignification {unknown}
 u - a potion of heal wounds {unknown}
Comestibles
 c - 4 bread rations
 d - 3 chunks of flesh
 j - a meat ration
 l - 8 fruits
 m - a royal jelly


   Skills:
 + Level 3.8 Fighting
 * Level 4.1 Axes
 - Level 1.7 Armour
 - Level 0.8 Dodging


You had 3 spell levels left.
You didn't know any spells.

Dungeon Overview and Level Annotations

Branches:
Dungeon (3/15)

Altars:
Dithmenos
Kikubaaqudgha
Makhleb
Okawaru
Wu Jian
The Shining One

Annotations:
D:3 Megalobster's ghost, amateur DECj


Innate Abilities, Weirdness & Mutations

You are slightly more attuned to the shadows.


Message History

A hobgoblin comes into view.
It was a potion of resistance.
You feel protected.
Xom thinks this is hilarious!
Megalobster's ghost gestures at you while chanting.
The lance of force misses you.
You hit Megalobster's ghost.
Megalobster's ghost is lightly damaged.
Megalobster's ghost hits you but does no damage.
You slash Megalobster's ghost!
Megalobster's ghost is moderately damaged.
Megalobster's ghost hits you.
Megalobster's ghost hits you but does no damage.
You hit Megalobster's ghost.
Megalobster's ghost is moderately damaged.
Megalobster's ghost gestures at you while chanting.
The orb of energy hits you!
Ouch! That really hurt!
You die...
Xom cackles wildly!

#...## #..#
... #..# ..#
#
#r##########
#gW@.....(.#
##########.#
#.#
#.#########
#..........
###########


You could see Megalobster's ghost, a hobgoblin and a rat.

Vanquished Creatures
  An orc wizard (D:3)
  2 adders (D:3)
  A dart slug (D:1)
  3 orcs (D:3)
  2 giant cockroaches (D:2)
  10 goblins
  7 hobgoblins
  4 bats
  4 frilled lizards
  3 kobolds
  6 rats
43 creatures vanquished.

Notes
Turn   | Place    | Note
-------+----------+-------------------------------------------
     0 | D:1      | tsouns the Demonspawn Chaos Knight began the quest for the Orb.
     0 | D:1      | Reached XP level 1. HP: 18/18 MP: 1/1
    89 | D:1      | Reached skill level 3 in Axes
   151 | D:1      | XOM: harmless Pois miscast
   174 | D:1      | Gained mutation: You are slightly more attuned to the shadows. [demonic ancestry]
   174 | D:1      | Reached XP level 2. HP: 10/24 MP: 2/2
   580 | D:1      | XOM: harmless Tloc miscast
   712 | D:2      | XOM: god gift: scroll labeled JOYCAEP GAANG {god gift}
   790 | D:2      | XOM: enchant monster (good)
   948 | D:2      | Reached XP level 3. HP: 27/29 MP: 3/3
  1028 | D:2      | Found an ornate altar of the Wu Jian Council.
  1365 | D:2      | Found a glowing golden altar of the Shining One.
  1372 | D:2      | Found an ancient bone altar of Kikubaaqudgha.
  1372 | D:2      | Found an iron altar of Okawaru.
  1376 | D:2      | Found a shadowy altar of Dithmenos.
  1471 | D:3      | XOM: confuse monster(s)
  1478 | D:3      | Reached skill level 4 in Axes
  1478 | D:3      | Reached XP level 4. HP: 29/37 MP: 4/4
  1548 | D:3      | Found a burning altar of Makhleb.
  1766 | D:3      | Noticed Megalobster's ghost (amateur DECj)
  1772 | D:3      | Killed from afar by Megalobster's ghost

Vault maps used:
D:1:      dpeg_arrival_windows_large_door
D:2:      lemuel_doored_altar, minitemple
D:3:      lemuel_crystal_altar, zin_treasury, first_bread

Skill      XL: |  1  2  3 |
---------------+----------+-----
Axes           | 3 4 |  4.1
Fighting       | |  3.8
Armour         | |  1.7
Dodging        | |  0.8

Action                   |  1- 3 |  4- 6 || total
-------------------------+-------+-------++-------
Melee: Hand axe          |   104 |    20 ||   124
  Use: Scroll            |     6 |     1 ||     7
       Potion            |       |     2 ||     2
 Stab: Petrified         |     4 |       ||     4
       Sleeping          |     1 |     1 ||     2
       Distracted        |     1 |       ||     1
       Confused          |     1 |       ||     1
  Eat: Chunk             |     2 |     1 ||     3
Armor: Leather armour    |    26 |    12 ||    38
Dodge: Dodged            |    50 |    10 ||    60
